AoeStats
← Ken

Oasis

507503652Analyzed
4v4 RM · 14d ago on Sep 18, 2026· 43m 45s· 8 players
Game mode
Random Map
Map size
Large (8 player)
Population
200
Speed
Normal
Resources
Standard
Victory
Conquest
Starting age
Dark Age
Ending age
Imperial Age
RankedLock teamsTeams togetherTeam positionsShared explorationLock speedFull tech treeHidden civsTurbo modeCheats
Victory
Defeat
🇨🇳 Saracens · China
1091
+13
🇪🇸 Cumans · Spain
1086
+14
🇨🇳 Mongols · China
1043
+15
🇲🇰 Romans · North Macedonia
1028
+17
🇯🇴 Goths · Jordan
1063
-16
🇹🇼 Romans · Taiwan
1039
-15
🇨🇳 Franks · China
1017
-14
🇨🇳 Tatars · China
1007
-14
ELO800
6:01 Loom
9:26 Feudal Age
9:59 Double-Bit Axe
12:55 Horse Collar
15:55 Wheelbarrow
18:35 Fletching
23:35 Castle Age
22:27 Gold Mining
Koko
11:16 Feudal Age
16:52 Castle Age
15:53 Double-Bit Axe
22:16 Horse Collar
31:30 Imperial Age
29:19 Squires
29:08 Pikeman
32:21 Wheelbarrow
31:32 Loom
31:57 Heavy Plow
32:58 Anarchy
33:51 Scale Mail Armor
34:01 Forging
33:50 Halberdier
37:39 Chain Mail Armor
40:16 Iron Casting
Ken
0:56 Loom
11:52 Feudal Age
19:09 Castle Age
17:34 Double-Bit Axe
20:43 Husbandry
27:38 Stone Mining
31:52 Wheelbarrow
36:53 Hand Cart
43:34 Imperial Age
41:41 Bow Saw
42:51 Gold Mining
43:09 Scale Barding Armor
43:15 Forging
43:59 Forging
心焰2
11:25 Feudal Age
12:06 Double-Bit Axe
14:55 Castle Age
13:43 Horse Collar
16:27 Bow Saw
22:00 Wheelbarrow
21:52 Gold Mining
24:12 Hand Cart
25:44 Loom
26:49 Gold Shaft Mining
26:05 Stone Mining
29:20 Imperial Age
27:17 Town Watch
28:01 Ballistics
27:47 Padded Archer Armor
27:37 Fletching
27:50 Husbandry
28:00 Bloodlines
29:11 Leather Archer Armor
29:25 Bodkin Arrow
30:27 Conscription
30:40 Ring Archer Armor
29:33 Heavy Cavalry Archer
31:26 Chemistry
30:50 Bracer
30:59 Silk Armor
31:50 Scale Barding Armor
31:56 Forging
35:50 Light Cavalry
37:10 Hussar
38:20 Heavy Plow
38:22 Town Patrol
39:16 Chain Barding Armor
39:32 Iron Casting
38:20 Heavy Camel Rider
41:05 Plate Barding Armor
40:47 Timurid Siegecraft
44:49 Blast Furnace
Note1984
7:45 Loom
10:16 Feudal Age
11:09 Horse Collar
11:15 Double-Bit Axe
17:18 Forging
17:14 Scale Barding Armor
17:23 Bloodlines
22:49 Wheelbarrow
26:33 Castle Age
25:32 Gold Mining
25:34 Stone Mining
28:02 Bow Saw
27:59 Heavy Plow
28:39 Gold Shaft Mining
29:52 Hand Cart
29:23 Town Watch
31:37 Chain Barding Armor
35:05 Iron Casting
34:21 Fletching
38:32 Imperial Age
36:16 Padded Archer Armor
36:12 Bodkin Arrow
36:53 Steppe Husbandry
37:24 Ballistics
37:00 Murder Holes
39:10 Thumb Ring
39:42 Conscription
39:25 Cuman Mercenaries
40:13 Leather Archer Armor
40:29 Parthian Tactics
41:07 Chemistry
39:43 Elite Kipchak
张维为
7:51 Loom
10:52 Feudal Age
13:15 Double-Bit Axe
15:50 Fletching
23:34 Castle Age
22:36 Padded Archer Armor
23:41 Crossbowman
24:18 Bodkin Arrow
26:22 Town Watch
27:54 Leather Archer Armor
33:18 Imperial Age
31:50 Scale Barding Armor
31:43 Gold Mining
34:02 Bracer
34:08 Arbalester
36:33 Ring Archer Armor
38:08 Chemistry
37:33 Ballistics
38:26 Thumb Ring
39:43 Elite Skirmisher
41:32 Wheelbarrow
41:11 Bow Saw
40:45 Horse Collar
syntax error
10:41 Loom
13:01 Feudal Age
18:46 Castle Age
17:16 Double-Bit Axe
20:40 Horse Collar
27:47 Man-at-Arms
29:27 Gold Mining
30:04 Long Swordsman
31:07 Heavy Plow
32:39 Bow Saw
37:47 Imperial Age
35:53 Wheelbarrow
35:34 Forging
35:24 Scale Mail Armor
37:39 Chain Mail Armor
37:59 Iron Casting
37:48 Ballistics
37:56 Legionary
39:40 Capped Ram
40:50 Siege Ram
42:42 Blast Furnace
41:47 Scale Barding Armor
43:11 Hand Cart
42:25 Pikeman
Q力山大一世
10:53 Feudal Age
12:04 Double-Bit Axe
14:49 Castle Age
13:04 Horse Collar
19:57 Wheelbarrow
24:30 Hand Cart
24:56 Gold Mining
25:05 Stone Mining
26:44 Bow Saw
26:37 Heavy Plow
27:17 Gold Shaft Mining
27:28 Stone Shaft Mining
27:01 Fletching
30:00 Imperial Age
27:49 Padded Archer Armor
27:45 Bodkin Arrow
27:40 Loom
27:41 Town Watch
28:27 Town Patrol
28:46 Leather Archer Armor
28:58 Ballistics
28:49 Masonry
29:47 Bloodlines
29:37 Husbandry
30:28 Scale Barding Armor
29:53 Light Cavalry
31:46 Chemistry
30:52 Bracer
31:00 Thumb Ring
31:20 Parthian Tactics
31:23 Conscription
32:36 Chain Barding Armor
32:24 Hussar
33:33 Elite Mangudai
34:51 Forging
35:59 Herbal Medicine
38:35 Nomads
39:25 Coinage
40:17 Siege Engineers
40:08 Murder Holes
40:57 Iron Casting
Connection lost

Rejoining the realm…

Still unreachable

The connection could not be restored.

Session expired

The server has moved on; the page needs a fresh start.